 Dungeon Crawl Stone Soup version 0.25.1-2-g60ff931df9 (webtiles) character file.

Game seed: 5632174273025537462

57 snek11 the Shooter (level 3, 0/30 HPs)
             Began as a Centaur Hunter on Oct 16, 2020.
             Slain by a kobold
             ... wielding a +0 short sword
              (4 damage)
             ... on level 2 of the Dungeon.
             The game lasted 00:02:08 (1583 turns).

snek11 the Shooter (Centaur Hunter)                 Turns: 1583, Time: 00:02:09

Health: 0/30       AC:  8    Str: 14    XL:     3   Next: 73%
Magic:  3/3        EV:  1    Int: 10    God:
Gold:   117        SH:  0    Dex: 10    Spells: 2/2 levels left

rFire    . . .     SeeInvis .   a - +1 shortbow
rCold    . . .     Gourm    .   (shield currently unavailable)
rNeg     . . .     Faith    .   i - +0 plate armour (curse)
rPois    .         Spirit   .   (no helmet)
rElec    .         Reflect  .   (no cloak)
rCorr    .         Harm     .   (no gloves)
MR       .....                  (no barding)
Stlth    ..........             (no amulet)
HPRegen  0.10/turn              (no ring)
MPRegen  0.08/turn              (no ring)

@: very quick
A: large, hooves 3, deformed body, speed 2, tough skin 3
a: no special abilities


You were on level 2 of the Dungeon.
You were not hungry.

You visited 1 branch of the dungeon, and saw 2 of its levels.

You collected 117 gold pieces.

Inventory:

Hand Weapons
 a - a +1 shortbow (weapon)
 b - a +0 short sword
Armour
 c - a +0 leather armour
 i - a cursed +0 plate armour (worn)
Scrolls
 g - a scroll of teleportation {unknown}
 j - 2 scrolls of fog {unknown}
Potions
 e - a potion of haste {unknown}
 h - 3 potions of might {unknown}
 l - a potion of berserk rage {unknown}
Comestibles
 f - 2 rations
 k - 2 chunks of flesh


   Skills:
 + Level 2.3 Fighting
 + Level 6.8 Bows
 + Level 0.4 Armour
 + Level 1.4 Dodging
 + Level 0.4 Stealth


You had 2 spell levels left.
You didn't know any spells.
Your spell library was empty.

Dungeon Overview and Level Annotations

Branches:
Dungeon (2/15)

Altars:
Ashenzari
Qazlal


Innate Abilities, Weirdness & Mutations

You have hooves in place of feet.
Armour fits poorly on your strangely shaped body.
You cover ground very quickly.
You have extremely tough skin. (AC +3)


Message History

Press: ? - help, Shift-Dir - straight line, f/p - gnoll
Aim: a gnoll, wielding a +0 spear (almost dead)
Okay, then.
Firing (i - inventory) No suitable missiles.
Press: ? - help, Shift-Dir - straight line, f/p - gnoll
Aim: a gnoll, wielding a +0 spear (almost dead)
Okay, then.
A kobold comes into view. It is wielding a +0 short sword.
The kobold throws a stone.
The stone hits you but does no damage.
You see here a stone.
You closely miss the kobold.
The kobold hits you with a +0 short sword.
* * * LOW HITPOINT WARNING * * *
The kobold hits you with a +0 short sword.
* * * LOW HITPOINT WARNING * * *
You clumsily bash the kobold but do no damage.
The kobold hits you but does no damage. The gnoll completely misses you.
You miss the kobold.
The kobold hits you with a +0 short sword.
You die...

..........#
#..)(.#
.#####.##.######.#
#!# .#
#...........# #.#
.# #######.#####
#.# .# ####.####
#.# ####.......#
#g# ......#.##.#
#.# .#
####..#<##.####.#
.# #......K@.g..#
.# #..#.##.######
.# #..#.##.#
.##### #.......#
..(..####..#.####
.###.......#.#
.............#
...........###
############


You could see a gnoll and a kobold.

Vanquished Creatures
  3 gnolls (D:2)
  A dart slug (D:1)
  A ball python (D:2)
  5 bats (D:1)
  A giant cockroach (D:2)
  3 goblins (D:1)
  2 hobgoblins (D:2)
  2 jackals (D:1)
  4 kobolds (D:1)
  A frilled lizard (D:1)
  2 rats (D:2)
  2 plants (D:1)
27 creatures vanquished.

Notes
Turn   | Place    | Note
-------+----------+-------------------------------------------
     0 | D:1      | snek11 the Centaur Hunter began the quest for the Orb.
     0 | D:1      | Reached XP level 1. HP: 17/17 MP: 1/1
   512 | D:1      | Reached XP level 2. HP: 24/24 MP: 2/2
   833 | D:1      | Reached skill level 6 in Bows
  1466 | D:2      | Found a shattered altar of Ashenzari.
  1523 | D:2      | Found a stormy altar of Qazlal.
  1559 | D:2      | Reached XP level 3. HP: 24/29 MP: 3/3
  1583 | D:2      | Slain by a kobold

Illustrated notes

Levels and vault maps discovered:
D:1:      minmay_arrival_plants_in_alcoves, layout_basic, feat_on_display
D:2:      layout_loops_ring, dancing_weapons_uskayaw, overflow_temple_1_default,
          lemuel_crystal_altar, hangedman_decor_push

Skill      XL: |  1  2 |
---------------+-------+-----
Bows           | 6 |  6.8
Fighting       | |  2.3
Armour         | |  0.4
Dodging        | |  1.4
Stealth        | |  0.4

Action                   || total
-------------------------++-------
Melee: Shortbow          ||   140
       Kick              ||    66
 Fire: Shortbow          ||    73
  Eat: Chunk             ||     1
Armor: Leather armour    ||     8
       Plate armour      ||    11
Dodge: Dodged            ||    13
